 Dungeon Crawl Stone Soup version 0.29.0-4-gdea44cf6ec (webtiles) character file.

Game seed: 11839354656448419279

53 qw the Chopper (level 3, -1/21 HPs)
             Began as a Tengu Warper on Aug 28, 2022.
             Slain by a goblin
             ... wielding a +0 dagger
             ... led by Robin
              (3 damage)
             ... on level 2 of the Dungeon.
             The game lasted 00:00:06 (1148 turns).

qw the Chopper (Tengu Warper)                       Turns: 1148, Time: 00:00:07

Health: -1/21      AC:  4    Str: 13    XL:     3   Next: 89%
Magic:  7/7        EV: 12    Int: 13    God:
Gold:   50         SH:  0    Dex: 13    Spells: 6/6 levels left

rFire   . . .      SeeInvis .   Y - +0 hand axe
rCold   . . .      Faith    .   (no shield)
rNeg    . . .      Spirit   .   b - +0 leather armour
rPois   .          Reflect  .   (helmet restricted)
rElec   .          Harm     .   (no cloak)
rCorr   .          Rampage  .   k - +0 pair of gloves
Will    .....                   (boots unavailable)
Stlth   +.........              (no amulet)
HPRegen 0.07/turn               (no ring)
MPRegen 0.10/turn               (no ring)

@: no status effects
A: beak, talons 3
a: no special abilities


You were on level 2 of the Dungeon.
You visited 1 branch of the dungeon, and saw 2 of its levels.

You collected 50 gold pieces.


Innate Abilities, Weirdness & Mutations

You have a beak for a mouth.
You have claws for feet.


   Skills:
 - Level 2.0 Fighting
 + Level 4.5 Axes
 - Level 1.0 Throwing
 - Level 1.1 Armour
 - Level 2.1 Dodging
 - Level 2.0 Spellcasting
 - Level 2.4 Translocations


You had 6 spell levels left.
You didn't know any spells.
Your spell library contained the following spells:

 Spells                   Type           Power      Damage    Failure   Level
 Blink                    Tloc           14%        N/A       19%         2
 Gell's Gravitas          Tloc           7%         N/A       36%         3
 Lesser Beckoning         Tloc           7%         N/A       36%         3
 Teleport Other           Tloc           7%         N/A       36%         3
 Manifold Assault         Tloc           7%         N/A       98%         5

Inventory:

Hand Weapons
 d - a +0 whip
 Y - a +0 hand axe (weapon)
Missiles
 f - 3 silver boomerangs (quivered)
Armour
 b - a +0 leather armour (worn)
 k - a +0 pair of gloves (worn)
Scrolls
 c - a scroll of immolation {unknown}
Potions
 a - 2 potions of haste {unknown}
 e - 2 potions of berserk rage {unknown}
 g - a potion of mutation {unknown}
 h - a potion of brilliance {unknown}
 i - a potion of magic {unknown}
 j - a potion of attraction {unknown}

Dungeon Overview and Level Annotations

Branches:
Dungeon (2/15)

Altars:

Annotations:
D:2 Robin


Message History

You kill the hobgoblin!
You hit the goblin.
You kill the goblin!
You hit the goblin.
You kill the goblin!
Robin roars a battlecry!
The hobgoblin goes into a battle-frenzy!
You closely miss the hobgoblin. Your peck misses the hobgoblin.
Robin hits you from afar with a +0 spear.
The hobgoblin closely misses you.
You hit the hobgoblin.
The hobgoblin is severely wounded.
Robin roars a battlecry!
The hobgoblin hits you but does no damage.
You closely miss the hobgoblin.
The hobgoblin is severely wounded.
Robin closely misses you.
The hobgoblin hits you but does no damage.
A goblin comes into view. It is wielding a +0 dagger.
You hit the hobgoblin.
You kill the hobgoblin!
Robin barely misses you. Robin hits you but does no damage.
You barely miss Robin. Your kick misses Robin.
Robin hits you with a +0 spear. x2; The goblin hits you with a +0 dagger.
You hit Robin. You claw Robin.
Robin is moderately wounded.
You hit the goblin.
You kill the goblin!
A goblin comes into view. It is wielding a +0 dagger.
Robin throws the goblin at you!
You hit Robin. You claw Robin.
Robin is heavily wounded.
You hit the goblin. The goblin hits you with a +0 dagger.
Robin completely misses you.
You hit Robin. You peck Robin.
Robin is almost dead.
You closely miss the goblin. The goblin hits you with a +0 dagger.
You die...

#.# #.># #.#
#..# #.#
#.)###### #.#
#....gg.g #.#
#..$.g.gg #.#
###)# #.#
###.))# #.#
#(..g)#
#.######.#.#@#.#
#............g.#
########.#.#.#.#
#.....#.#
###.### # #.#
#.. ####


You could see Robin and a goblin (strong).

Vanquished Creatures
  2 bats (D:1)
  6 endoplasms
  A giant cockroach (D:2)
  9 goblins (D:2)
  6 hobgoblins
  3 jackals (D:1)
  2 quokkas
  5 ball pythons
  A frilled lizard (D:2)
  5 kobolds
  2 rats (D:1)
42 creatures vanquished.

Notes
Turn   | Place    | Note
-------+----------+-------------------------------------------
     0 | D:1      | qw the Tengu Warper began the quest for the Orb.
     0 | D:1      | Reached XP level 1. HP: 12/12 MP: 4/4
     0 | D:1      | 0 ||| qw: Version: 0.1-a-89-g26bdef1
     0 | D:1      | 0 ||| qw: Game counter: 3347
     0 | D:1      | 0 ||| qw: Always use a shield: true
     0 | D:1      | 0 ||| qw: God list: Okawaru
     0 | D:1      | 0 ||| qw: Allow faded altars: false
     0 | D:1      | 0 ||| qw: Do Orc after D:15 true
     0 | D:1      | 0 ||| qw: Do second Lair branch before Depths: true
     0 | D:1      | 0 ||| qw: Lair rune preference: random
     0 | D:1      | 0 ||| qw: Plans: Normal
     0 | D:1      | 0 ||| PLANNING D:1-11
   160 | D:1      | Found a faded altar of an unknown god.
   176 | D:1      | Reached XP level 2. HP: 17/17 MP: 6/6
   198 | D:1      | Reached skill level 3 in Axes
   618 | D:1      | 618 ||| Stepping ~*~*~tactically~*~*~ (stealth).
   662 | D:1      | 662 ||| Stepping ~*~*~tactically~*~*~ (stealth).
   721 | D:1      | 721 ||| Stepping ~*~*~tactically~*~*~ (stealth).
   722 | D:1      | 722 ||| Stepping ~*~*~tactically~*~*~ (stealth).
   733 | D:1      | Reached XP level 3. HP: 19/21 MP: 7/7
   818 | D:1      | 818 ||| UPGRADING to +0 pair of gloves.
   823 | D:1      | 823 ||| DROPPING +6 ring of intelligence.
   824 | D:1      | 824 ||| READING scroll labelled QARACZ UDGHYZU.
   825 | D:1      | 825 ||| DROPPING scroll of blinking.
   903 | D:2      | Reached skill level 4 in Axes
  1118 | D:2      | 1118 ||| Stepping ~*~*~tactically~*~*~ (stealth).
  1119 | D:2      | 1119 ||| Stepping ~*~*~tactically~*~*~ (stealth).
  1123 | D:2      | 1123 ||| Stepping ~*~*~tactically~*~*~ (stealth).
  1125 | D:2      | 1125 ||| Stepping ~*~*~tactically~*~*~ (stealth).
  1134 | D:2      | 1134 ||| Stepping ~*~*~tactically~*~*~ (stealth).
  1136 | D:2      | Noticed Robin
  1145 | D:2      | HP: 4/21 [goblin/+0 dagger[Robin] (2)]
  1148 | D:2      | Slain by a goblin

Levels and vault maps discovered:
D:1:      ncdulo_wetmaze, layout_basic, ebering_ecumenical_altar_box
D:2:      layout_loops_ring, serial_glass, glass_columns_a, glass_columns_a,
          serial_shops, shop, uniq_robin

Skill      XL: |  1  2  3 |
---------------+----------+-----
Axes           | 3 4 |  4.5
Fighting       | |  2.0
Throwing       | |  1.0
Armour         | |  1.1
Dodging        | |  2.1
Spellcasting   | |  2.0
Translocations | |  2.4

Action                   || total
-------------------------++-------
Melee: Hand axe          ||    58
       Kick              ||    14
       Peck              ||     6
Throw: Boomerang         ||    35
  Use: Scroll            ||     1
Armor: Leather armour    ||    16
Dodge: Dodged            ||    28

Table legend:
 A = Non-vault XP
 B = Vault XP
 C = Vault XP percentage of total XP
 D = Non-vault monster count
 E = Vault monster count
 F = Vault count percentage of total count
                 A         B        C        D         E       F
            +---------+---------+-------+---------+---------+-------
      Total |      61 |      16 |  20.8 |      34 |       8 |  19.0
            +---------+---------+-------+---------+---------+-------
        D:1 |      37 |       0 |   0.0 |      21 |       0 |   0.0
        D:2 |      24 |      16 |  40.0 |      13 |       8 |  38.1
            +---------+---------+-------+---------+---------+-------
